 Dungeon Crawl Stone Soup version 0.26-a0-30-g56b8cd3df0 (webtiles) character file.

Game seed: 16033284905121944393, levelgen mode: deterministic

401 tilp the Caller (level 6, -8/57 HPs)
             Began as an Ogre Summoner on June 2, 2020.
             Mangled by a wraith (10 damage)
             ... in an ossuary.
             The game lasted 00:15:03 (5399 turns).

tilp the Caller (Ogre Summoner)                     Turns: 5399, Time: 00:15:03

Health: -8/57      AC:  3    Str: 14    XL:     6   Next: 85%
Magic:  3/9        EV: 10    Int: 17    God:
Gold:   234        SH:  0    Dex:  9    Spells: 3/9 levels left

rFire    . . .     SeeInvis .   a - +1 halberd
rCold    . . .     Gourm    .   (shield currently unavailable)
rNeg     . . .     Faith    .   g - +0 robe
rPois    .         Spirit   .   (helmet restricted)
rElec    .         Reflect  .   (no cloak)
rCorr    .         Harm     .   (gloves unavailable)
MR       .....                  (boots unavailable)
Stlth    +.........             (no amulet)
HPRegen  0.19/turn              (no ring)
MPRegen  0.11/turn              (no ring)

@: slowed, very slow
A: large, unfitting armour, tough skin 1
a: no special abilities


You were in an ossuary.
You were very hungry.

You visited 1 branch of the dungeon, and saw 5 of its levels.
You also visited: Ossuary.

You collected 234 gold pieces.

Inventory:

Hand Weapons
 a - a +1 halberd (weapon)
 u - a +2 rapier of venom
Missiles
 n - 145 stones (quivered)
 o - 18 poisoned darts
 q - 18 sling bullets
Armour
 g - a +0 robe (worn)
Jewellery
 r - an uncursed ring of fire
Wands
 i - a wand of iceblast (11)
Scrolls
 d - a scroll of enchant weapon
 j - 3 scrolls of amnesia
 m - a scroll of teleportation
 v - a scroll of remove curse
 x - a scroll of magic mapping
 y - a scroll of fear {unknown}
 z - a scroll of random uselessness {unknown}
 B - a scroll of immolation {unknown}
Potions
 b - a potion of curing
 e - a potion of invisibility
 f - a potion of might {unknown}
 h - a potion of resistance {unknown}
 k - a potion of haste {unknown}
 l - 4 potions of stabbing
 p - 3 potions of heal wounds
 s - a potion of lignification {unknown}
 t - a potion of degeneration {unknown}
 A - a potion of berserk rage {unknown}
Comestibles
 c - 10 rations


   Skills:
 - Level 2.0 Fighting
 * Level 4.9 Polearms
 - Level 1.7 Dodging
 - Level 1.4 Stealth
 - Level 2.4 Spellcasting
 + Level 5.2 Summonings


You had 3 spell levels left.
You knew the following spells:

 Your Spells              Type           Power        Failure   Level  Hunger
a - Summon Small Mammal   Summ           ###.         2%          1    #......
b - Call Imp              Summ           ###.....     3%          2    ##.....
c - Call Canine Familiar  Summ           ###.....     6%          3    ###....

Your spell library contained the following spells:

 Spells                   Type           Power        Failure   Level  Hunger
 Summon Guardian Golem    Hex/Summ       ##......     19%         3    ###....
 Summon Ice Beast         Ice/Summ       ##......     54%         4    #####..
 Summon Lightning Spire   Summ/Air       ##......     54%         4    #####..


Dungeon Overview and Level Annotations

Branches:
Dungeon (5/15)             Temple (0/1) D:5         Ossuary (1/1)

Altars:
Hepliaklqana


Innate Abilities, Weirdness & Mutations

You are too large for most types of armour.
You have tough skin. (AC +1)


Message History

The wraith is almost destroyed.
The wraith closely misses your hound.
Your crimson imp blinks!
Your hound bites the wraith.
The wraith hits your hound!
Your hound dies!
Your hound's corpse disappears in a puff of smoke!
Attack whom?
Press: ? - help, Dir - move target cursor, f/p - wraith
Aim: a wraith (almost destroyed)
You reach to attack!
You closely miss the wraith.
The wraith is almost destroyed.
The wraith hits you!
* * * LOW HITPOINT WARNING * * *
The wraith drains your vigour!
You feel as though you will be slow longer.
Unknown command.
You closely miss the wraith.
The wraith is almost destroyed.
The wraith hits you!
You die...

#######################
#......................
#.∩....................
#.......#####+#####....
#......##.... ....##...
#.....##...#####...##..
#....##§..##...##...##.
#....#...##.??!.##...#.
#....+@W5'..??.!.#...'.
#....#...##.!?..##...#.
#....##...##...##...##.
#.....##...#####...##..
#......##.........##...
#.......#####+#####....
#.∩....................
#......................
############'''########


You could see a wraith and a friendly crimson imp (summoned).

Vanquished Creatures
  An orc priest (D:4)
  A bullfrog skeleton (D:5)
  2 worker ants (D:4)
  2 orc wizards (D:4)
  2 hound skeletons
  A gnoll (D:1)
  A shadow imp (D:5)
  A worm (D:2)
  A dart slug (D:2)
  5 leopard geckos
  2 giant cockroaches
  2 goblins
  A hobgoblin (D:1)
  3 jackals
  4 kobolds
  3 quokkas
  A ball python (D:2)
  2 bats
  3 frilled lizards
  5 gnoll skeletons (Ossuary)
  5 kobold skeletons (Ossuary)
  4 orc skeletons (Ossuary)
  A quokka skeleton (D:4)
  6 rats
59 creatures vanquished.

Vanquished Creatures (collateral kills)
  An orc priest (D:4)
  Ijyb (D:3)
  Terence (D:3)
  Natasha (thrice) (D:3)
  A worker ant (D:4)
  A mummy (Ossuary)
  A gnoll (D:1)
  3 adders
  A worm (D:2)
  A leopard gecko (D:1)
  8 goblins
  A hobgoblin (D:1)
  8 jackals
  2 bats (D:1)
  A frilled lizard (D:3)
  2 gnoll skeletons (Ossuary)
  3 kobolds
  4 kobold skeletons (Ossuary)
  5 orc skeletons (Ossuary)
  4 rats
52 creatures vanquished.

Grand Total: 111 creatures vanquished

Notes
Turn   | Place    | Note
-------+----------+-------------------------------------------
     0 | D:1      | tilp the Ogre Summoner began the quest for the Orb.
     0 | D:1      | Reached XP level 1. HP: 16/16 MP: 3/3
   436 | D:1      | Reached skill level 4 in Summonings
   436 | D:1      | Reached skill level 1 in Fighting
   436 | D:1      | Reached XP level 2. HP: 27/27 MP: 0/5
   896 | D:1      | Reached XP level 3. HP: 11/35 MP: 3/6
   900 | D:1      | Learned a level 2 spell: Call Imp
   904 | D:1      | Learned a level 3 spell: Call Canine Familiar
  1381 | D:1      | Reached skill level 1 in Polearms
  2409 | D:2      | Reached XP level 4. HP: 37/42 MP: 7/7
  3306 | D:3      | Noticed Ijyb
  3325 | D:3      | Paralysed by Ijyb for 3 turns
  3347 | D:3      | Killed Ijyb
  3439 | D:3      | Noticed Natasha
  3546 | D:3      | Killed Natasha
  3651 | D:3      | Reached XP level 5. HP: 49/49 MP: 8/8
  3701 | D:3      | Noticed Natasha
  3719 | D:3      | Killed Natasha
  4002 | D:3      | Noticed Terence
  4014 | D:3      | Killed Terence
  4225 | D:3      | Noticed Natasha
  4233 | D:3      | Killed Natasha
  4560 | D:4      | Reached XP level 6. HP: 47/57 MP: 3/9
  4753 | D:4      | Reached skill level 5 in Summonings
  4965 | D:4      | Found a hazy altar of Hepliaklqana.
  5124 | D:5      | Entered Level 5 of the Dungeon
  5151 | D:5      | Found a sand-covered staircase.
  5184 | Ossuary  | Entered an ossuary
  5184 | Ossuary  | Noticed a wraith
  5184 | Ossuary  | Noticed a wraith
  5184 | Ossuary  | Noticed a wraith
  5368 | Ossuary  | Noticed a wraith
  5398 | Ossuary  | HP: 1/57 [wraith (13)]
  5399 | Ossuary  | Mangled by a wraith

Illustrated notes

Levels and vault maps discovered:
D:1:      minmay_arrival_radiant_lines, layout_basic, serial_curves,
          eino_curves_03, eino_curves_01, eino_curves_04
D:2:      layout_loops_corners, chequers_garden, minmay_pentomino_x4
D:3:      kennysheep_the_goblin_king, layout_rooms, uniq_terence, uniq_natasha
D:4:      layout_rooms, kennysheep_mini_moat, first_ration
D:5:      layout_loops_ring, minmay_temple_entry_wispy, serial_undead,
          serial_undead_d, serial_undead_b, serial_undead_f, serial_undead_f,
          serial_undead_c, serial_undead_a, nicolae_ossuary_entry_ruins,
          minmay_holes, uniq_prince_ribbit1
Ossuary:  ossuary_due_mausoleum

Skill      XL: |  1  2  3  4  5  6 |
---------------+-------------------+-----
Summonings     | 4 5 |  5.2
Fighting       | 1 2 |  2.0
Polearms       | 1 2 3 4 |  4.9
Dodging        | |  1.7
Stealth        | |  1.4
Spellcasting   | |  2.4

Action                   |  1- 3 |  4- 6 || total
-------------------------+-------+-------++-------
Melee: Unarmed           |     5 |       ||     5
       Halberd           |    68 |   171 ||   239
 Cast: Summon Small Mamm |    28 |     2 ||    30
       Call Imp          |     7 |    21 ||    28
       Call Canine Famil |       |    18 ||    18
  Use: Scroll            |       |    11 ||    11
 Stab: Sleeping          |     5 |     3 ||     8
       Distracted        |       |     3 ||     3
  Eat: Chunk             |     5 |     9 ||    14
       Ration            |       |     1 ||     1
Armor: Robe              |    18 |    29 ||    47
Dodge: Dodged            |    56 |    81 ||   137

Table legend:
 A = Non-vault XP
 B = Vault XP
 C = Vault XP percentage of total XP
 D = Non-vault monster count
 E = Vault monster count
 F = Vault count percentage of total count
                 A         B        C        D         E       F
            +---------+---------+-------+---------+---------+-------
      Total |     467 |     107 |  18.6 |      73 |      38 |  34.2
            +---------+---------+-------+---------+---------+-------
        D:1 |      42 |       0 |   0.0 |      19 |       0 |   0.0
        D:2 |      47 |       5 |   9.6 |      18 |       3 |  14.3
        D:3 |      71 |      69 |  49.3 |      18 |       9 |  33.3
        D:4 |     241 |       0 |   0.0 |      14 |       0 |   0.0
        D:5 |      66 |       0 |   0.0 |       4 |       0 |   0.0
    Ossuary |       0 |      33 | 100.0 |       0 |      26 | 100.0
            +---------+---------+-------+---------+---------+-------
